 Dungeon Crawl Stone Soup version 0.18.1-48-g4cf74bf (webtiles) character file.

7731 Heedrag the Cleaver (level 11, -6/95 HPs)
             Began as a Minotaur Fighter on Aug 7, 2016.
             Was a Believer of Okawaru.
             Mangled by a five-headed hydra (7 damage)
             ... on level 1 of the Lair of Beasts.
             The game lasted 00:17:10 (8179 turns).

Heedrag the Cleaver (Minotaur Fighter)              Turns: 8179, Time: 00:17:11

Health: -6/95      AC: 14    Str: 25    XL:     11   Next: 0%
Magic:  11/11      EV: 14    Int:  3    God:    Okawaru [**....]
Gold:   633        SH: 14    Dex:  9    Spells: 0 memorised, 10 levels left

rFire  . . .     SeeInvis .     K - +0 flail
rCold  . . .     Gourm    .     b - +0 scale mail
rNeg   + + .     Faith    .     c - +0 shield
rPois  +         Spirit   .     (helmet restricted)
rElec  .         Dismiss  .     (no cloak)
rCorr  .         Reflect  +     (no gloves)
SustAt .         Harm     .     w - +5 pair of boots "Diomerph" {rN++}
MR     .....                    U - +3 amulet of reflection
Stlth  ..........               y - ring of poison resistance
                                s - +3 ring of evasion

@: not resistant to hostile enchantments, extremely unstealthy
A: retaliatory headbutt, horns 2, dopey 1, screaming 1, wild magic 1
a: Heroism, Renounce Religion


You were on level 1 of the Lair of Beasts.
You worshipped Okawaru.
Okawaru was pleased with you.
You were hungry.

You visited 2 branches of the dungeon, and saw 11 of its levels.
You also visited: Ossuary.

You collected 645 gold pieces.
You spent 12 gold pieces at shops.

Inventory:

Hand Weapons
 a - a +0 war axe
 t - a +0 vampiric trident
 K - a +0 flail (weapon)
 O - a +2 trident of protection
 T - a +2 hand axe of venom
 W - the +9 war axe of Doph {chop, rF++}
   (You found it on level 8 of the Dungeon)

   It inflicts extra damage upon your enemies.
   It greatly protects you from fire.
Armour
 b - a +0 scale mail (worn)
 c - a +0 shield (worn)
 p - a +0 pair of boots
 w - the +5 pair of boots "Diomerph" (worn) {rN++}
   (You found it on level 4 of the Dungeon)

   It greatly protects you from negative energy.
 Z - a +0 plate armour
Jewellery
 g - an uncursed ring of ice
 m - an uncursed ring of fire
 s - a +3 ring of evasion (left hand)
 y - a ring of poison resistance (right hand)
 H - a +3 ring of intelligence
 S - an uncursed amulet of dismissal
 U - a +3 amulet of reflection (around neck)
Wands
 o - a wand of random effects (27/48)
 D - a wand of hasting (6/9)
 F - a wand of teleportation (2/9)
 Q - a wand of slowing (11/48)
 R - a wand of confusion (23/48)
Scrolls
 e - 14 scrolls of identify
 h - a scroll of enchant weapon {unknown}
 k - a scroll of immolation {unknown}
 q - 3 scrolls of teleportation
 r - 4 scrolls of remove curse
 u - a scroll of enchant armour {unknown}
 x - 2 scrolls of fear {unknown}
 E - a scroll of recharging {unknown}
 G - a scroll of noise {unknown}
 N - 2 scrolls of blinking {unknown}
 V - a scroll of amnesia
Potions
 d - 2 potions of might
 j - a potion of ambrosia {unknown}
 n - 9 potions of curing {unknown}
 v - a potion of cure mutation {unknown}
 z - 2 potions of degeneration
 A - 2 potions of heal wounds {unknown}
 B - 2 potions of brilliance {unknown}
 C - a potion of lignification {unknown}
 I - a potion of flight {unknown}
 J - 2 potions of agility {unknown}
 L - a potion of magic {unknown}
 P - a potion of beneficial mutation {unknown}
Books
 X - a book of Frost

   Spells                             Type                      Level
   a - Freeze                         Ice                          1
   b - Throw Frost                    Conjuration/Ice              2
   c - Ozocubu's Armour               Charms/Ice                   3
   d - Throw Icicle                   Conjuration/Ice              4
   e - Summon Ice Beast               Ice/Summoning                4
Comestibles
 f - 11 bread rations
 i - a beef jerky
 l - 15 fruits
 M - 4 meat rations


   Skills:
 + Level 8.7 Fighting
 * Level 12.1 Axes
 + Level 8.9 Armour
 + Level 7.3 Dodging
 + Level 8.9 Shields
 + Level 1.8 Invocations


You had 10 spell levels left.
You didn't know any spells.

Dungeon Overview and Level Annotations

Branches:
Dungeon (10/15)            Temple (0/1) D:6            Lair (1/8) D:10
    Orc: D:9-12

Altars:
Ashenzari
Gozag
Kikubaaqudgha
Makhleb
Nemelex Xobeh
Okawaru
Pakellas
Trog
Vehumet
Xom
Beogh

Shops:
D:4 !


Innate Abilities, Weirdness & Mutations

You reflexively headbutt those who attack you in melee.
You have a pair of horns on your head.
You are dopey. (Int -2)
You occasionally shout uncontrollably at your foes.
Your spells are a little harder to cast, but a little more powerful.


Message History

Tha five-headed hydra bites ye.
* * * LOW HITPOINT WARNIN'
* * * Ye block tha five-headed hydra's attack.
Tha five-headed hydra bites ye!
* * * LOW HITPOINT WARNIN'
* * * Tha five-headed hydra bites ye!
* * * LOW HITPOINT WARNIN'
* * * Ye bludgeon tha five-headed hydra!!
Yer headbutt misses tha five-headed hydra.
Tha five-headed hydra be severely wounded.
Tha five-headed hydra bites ye but does nay damage.
Ye block tha five-headed hydra's attack.
Tha five-headed hydra bites ye but does nay damage.
Tha five-headed hydra bites ye.
* * * LOW HITPOINT WARNIN'
* * * Ye block tha five-headed hydra's attack.
Ye sock tha five-headed hydra!
Tha five-headed hydra be severely wounded.
Tha five-headed hydra bites ye!
Ye die...

.......##
.......P. #
......... #.
........# .#
........# .#
...:...†##.#
......††.#.# .
......††.#.##....
##......@<.....P#
#......D.....###
#...........##
#P.........)##
##...........#
#............#
#..............
#.............#


You could see a five-headed hydra.

Vanquished Creatures
  A black mamba (Lair:1)
  A centaur zombie (D:10)
  3 trolls
  A blink frog (D:10)
  A spriggan (D:7)
  2 wraiths (Ossuary)
  Eustachio (D:6)
  The ghost of Heedrag the Shield-Bearer, an amateur MiFi (D:4)
  Grum (D:9)
  A wyvern (D:8)
  A hippogriff (D:8)
  Duvessa (D:6)
  10 orc warriors
  2 porcupines (D:10)
  2 ice beasts
  2 black bears
  A sky beast (D:9)
  3 ogres
  3 phantoms
  4 wolves (D:9)
  A centaur (D:8)
  5 giant frogs
  Dowan (D:6)
  A water moccasin skeleton (D:5)
  3 scorpions
  4 wights (Ossuary)
  2 howler monkeys
  2 crimson imps (D:8)
  3 giant frog zombies
  A quasit (D:8)
  3 jellies
  8 orc priests
  6 hounds
  9 orc wizards
  2 iguanas
  7 worker ants
  2 hell rats (D:10)
  A hound zombie (D:5)
  4 hound skeletons
  4 gnolls (D:3)
  11 adders
  11 river rats
  3 adder zombies (Ossuary)
  3 worms
  3 giant geckos
  61 orcs
  A ball python (D:3)
  5 giant cockroaches
  3 goblins
  8 hobgoblins
  5 jackals (D:9)
  10 kobolds
  A quokka (D:10)
  A ball python skeleton (Ossuary)
  5 bats
  6 giant newts
  A hobgoblin zombie (Ossuary)
  2 kobold zombies (Ossuary)
  An orc skeleton (Ossuary)
  2 quokka skeletons
  7 rats
261 creatures vanquished.

Vanquished Creatures (others)
  A wizard (D:10)
  An orc (D:9)
2 creatures vanquished.

Grand Total: 263 creatures vanquished

Notes
Turn   | Place    | Note
--------------------------------------------------------------
     0 | D:1      | Heedrag the Minotaur Fighter began the quest for the Orb.
     0 | D:1      | Reached XP level 1. HP: 19/19 MP: 0/0
   235 | D:1      | Reached skill level 3 in Axes
   330 | D:1      | Reached XP level 2. HP: 26/26 MP: 1/1
   834 | D:2      | Reached skill level 4 in Axes
   840 | D:2      | Reached XP level 3. HP: 28/31 MP: 2/2
   887 | D:2      | Found a faded altar to an unknown god.
  1083 | D:2      | Found a burning altar of Makhleb.
  1275 | D:2      | Found an opulent altar of Gozag.
  1360 | D:3      | Reached skill level 5 in Axes
  1389 | D:3      | Reached XP level 4. HP: 40/40 MP: 3/3
  1445 | D:3      | Reached skill level 1 in Dodging
  1624 | D:3      | Reached XP level 5. HP: 26/46 MP: 4/4
  1937 | D:3      | Found an oddly glowing altar of Pakellas.
  2037 | D:4      | Got a pair of brightly glowing boots
  2048 | D:4      | Identified the +5 pair of boots "Diomerph" {rN++} (You found it on level 4 of the Dungeon)
  2099 | D:4      | Found Estriethri's Distillery.
  2102 | D:4      | Bought a potion of degeneration for 12 gold pieces
  2269 | D:4      | Reached skill level 6 in Axes
  2323 | D:4      | Found a shattered altar of Ashenzari.
  2345 | D:4      | Reached XP level 6. HP: 52/52 MP: 5/5
  2350 | D:4      | Noticed Heedrag's ghost (amateur MiFi)
  2376 | D:4      | Killed Heedrag's ghost
  2781 | D:4      | Reached skill level 5 in Shields
  3015 | D:5      | Entered Level 5 of the Dungeon
  3023 | D:5      | Noticed an ice beast
  3028 | D:5      | Killed an ice beast
  3028 | D:5      | Reached XP level 7. HP: 60/60 MP: 6/6
  3034 | D:5      | Found a shattered altar of Ashenzari.
  3037 | D:5      | Found a sand-covered staircase.
  3042 | Ossuary  | Entered an ossuary
  3119 | Ossuary  | Reached skill level 7 in Axes
  3293 | Ossuary  | Noticed a flying skull
  3293 | Ossuary  | Noticed a wraith
  3303 | Ossuary  | Noticed a flying skull
  3333 | Ossuary  | Noticed a flying skull
  3334 | Ossuary  | Noticed a wraith
  3347 | Ossuary  | Killed a wraith
  3347 | Ossuary  | Reached skill level 5 in Fighting
  3347 | Ossuary  | Reached skill level 5 in Armour
  3542 | Ossuary  | Noticed a wraith
  3557 | Ossuary  | Killed a wraith
  3578 | Ossuary  | Reached XP level 8. HP: 61/68 MP: 7/7
  3699 | D:5      | Reached skill level 8 in Axes
  4198 | D:6      | Noticed Duvessa
  4219 | D:6      | Killed Duvessa
  4239 | D:6      | Noticed Dowan
  4248 | D:6      | Killed Dowan
  4427 | D:6      | Reached skill level 9 in Axes
  4662 | D:6      | Found a staircase to the Ecumenical Temple.
  4662 | D:6      | Noticed Eustachio
  4697 | D:6      | Killed Eustachio
  4697 | D:6      | Reached XP level 9. HP: 75/77 MP: 8/8
  4773 | D:6      | Reached skill level 5 in Dodging
  5315 | D:7      | Found a shimmering altar of Xom.
  5356 | D:7      | Reached skill level 10 in Axes
  5518 | D:7      | Found a shimmering altar of Xom.
  5807 | D:8      | Found an ancient bone altar of Kikubaaqudgha.
  6156 | D:8      | Found a burning altar of Makhleb.
  6183 | D:8      | Got a transparent war axe
  6184 | D:8      | Identified the +9 war axe of Doph {chop, rF++} (You found it on level 8 of the Dungeon)
  6200 | D:8      | Found an iron altar of Okawaru.
  6206 | D:8      | Reached XP level 10. HP: 88/88 MP: 9/9
  6209 | D:8      | Became a worshipper of Warmaster Okawaru
  6329 | D:8      | Found a sparkling altar of Nemelex Xobeh.
  6669 | D:8      | Reached skill level 11 in Axes
  6694 | D:9      | Found a runed door.
  6775 | D:9      | Noticed Grum
  6793 | D:9      | Killed Grum
  7053 | D:9      | Gained mutation: You are dopey. (Int -2) [mutagenic meat]
  7054 | D:9      | Gained mutation: Your spells are a little harder to cast, but a little more powerful. [mutagenic meat]
  7055 | D:9      | Gained mutation: You occasionally shout uncontrollably at your foes. [mutagenic meat]
  7102 | D:9      | Found a radiant altar of Vehumet.
  7238 | D:9      | Found a roughly hewn altar of Beogh.
  7243 | D:9      | Reached * piety under Okawaru
  7432 | D:9      | Found a roughly hewn altar of Beogh.
  7492 | D:10     | Entered Level 10 of the Dungeon
  7511 | D:10     | Found a staircase to the Lair.
  7681 | D:10     | Reached ** piety under Okawaru
  7681 | D:10     | Reached skill level 1 in Invocations
  7812 | D:10     | Reached skill level 12 in Axes
  7971 | D:10     | Found a bloodstained altar of Trog.
  7972 | D:10     | Noticed a wizard
  7977 | D:10     | Killed a wizard
  8158 | Lair:1   | Entered Level 1 of the Lair of Beasts
  8160 | Lair:1   | Noticed a black mamba
  8167 | Lair:1   | Noticed a five-headed hydra
  8169 | Lair:1   | Killed a black mamba
  8169 | Lair:1   | Reached XP level 11. HP: 79/95 MP: 11/11
  8178 | Lair:1   | HP: 1/95 [five-headed hydra (6)]
  8179 | Lair:1   | Mangled by a five-headed hydra

Skill      XL: |  1  2  3  4  5  6  7  8  9 10 |
---------------+-------------------------------+-----
Axes           | 3 4 5 6 7 9 10 12 | 12.1
Dodging        | 1 2 3 4 6 7 |  7.3
Shields        | 4 5 6 7 8 |  8.9
Armour         | 4 5 6 7 8 |  8.9
Fighting       | 4 5 6 7 8 |  8.7
Invocations    | 1 |  1.8

Action                   |  1- 3 |  4- 6 |  7- 9 | 10-12 || total
-------------------------+-------+-------+-------+-------++-------
Melee: War axe           |    82 |       |   237 |   174 ||   493
       Headbutt          |    15 |    19 |    76 |    30 ||   140
       Trident           |    38 |   169 |   107 |       ||   314
       Hand axe          |       |       |    26 |       ||    26
       Flail             |       |       |       |     7 ||     7
  Use: Scroll            |       |       |     7 |       ||     7
  Eat: Chunk             |     2 |     5 |     6 |     9 ||    22
       Meat ration       |       |       |     1 |       ||     1
Armor: Scale mail        |    48 |    56 |    85 |    39 ||   228
Dodge: Dodged            |    41 |    71 |   132 |    67 ||   311
Block: Shield            |    53 |    81 |   172 |   140 ||   446
       Reflection        |       |       |       |     2 ||     2
